[ PARTIDA AOE2 · #495793395 ]
UnrankedTupíes vs Aztecs
Equipo del jugador · VICT
Equipo rival · DERR
[ ANÁLISIS DE REPETICIÓN · EXTRAÍDO DE LA PARTIDA GRABADA ]
Feudal
9:15
Castillos
22:29
Imperial
—
| APM promedio | 46.8 |
| APM pico | 84 |
| eAPM promedio | 25.5 |
| Aldeanos / militares | 66 / 37 |
Foco
⚔️ 40.0% · 🌾 60.0%
Archer ×32 · Unknown (2582) ×27 · Petard ×5 · Unknown (2550) ×5
Feudal
9:17
Castillos
22:45
Imperial
—
| APM promedio | 62.8 |
| APM pico | 108 |
| eAPM promedio | 29.0 |
| Aldeanos / militares | 87 / 80 |
Foco
⚔️ 51.8% · 🌾 48.2%
Eagle Scout ×56 · Militia ×24
Mapa de la partida
Recursos iniciales + cada clic de construcción. Líneas = muros · curvas = relieve. ◆ oro · ⬟ piedra · ● bayas · ✦ reliquia · ◌ hueco del cierre
Tu base· Abierta — el rival se encerró
Base de Fabrizio 094455· ✓ Cerrada en 22:45 · 21t muro · 1 puerta(s)
Terreno inicial suavizado · ◌ = hueco del cierre detectado · pasá el cursor para detalles
Inputs por minuto
— pownerto - - Fabrizio 094455
Build order — pownerto
Primeras 150 de 251 acciones detectadas
| 0:00 | Crear | Villager (Male) |
| 0:01 | Construir | House |
| 0:03 | Construir | House |
| 0:09 | Crear | Villager (Male) |
| 0:11 | Crear | Villager (Male) |
| 0:12 | Crear | Villager (Male) |
| 1:00 | Crear | Villager (Male) |
| 1:36 | Construir | Settlement |
| 1:37 | Crear | Villager (Male) |
| 2:16 | Construir | House |
| 2:27 | Crear | Villager (Male) |
| 2:33 | Construir | Palisade Wall |
| 2:35 | Construir | Palisade Wall |
| 2:50 | Crear | Villager (Male) |
| 3:16 | Crear | Villager (Male) |
| 3:16 | Crear | Villager (Male) |
| 4:03 | Crear | Villager (Male) |
| 4:22 | Crear | Villager (Male) |
| 4:44 | Construir | Settlement |
| 4:48 | Crear | Villager (Male) |
| 5:06 | Crear | Villager (Male) |
| 5:24 | Crear | Villager (Male) |
| 6:11 | Crear | Villager (Male) |
| 6:23 | Investigar | Loom |
| 6:35 | Investigar | Feudal Age |
| 7:29 | Construir | Barracks |
| 7:40 | Crear | Villager (Male) |
| 8:15 | Construir | Settlement |
| 8:52 | Construir | Palisade Wall |
| 8:54 | Construir | Palisade Wall |
| 8:54 | Construir | Palisade Wall |
| 8:58 | Construir | Palisade Wall |
| 8:59 | Construir | Palisade Wall |
| 9:00 | Construir | Palisade Wall |
| 9:01 | Construir | Palisade Wall |
| 9:02 | Construir | Palisade Wall |
| 9:04 | Construir | Palisade Wall |
| 9:15 | Edad | Edad Feudal |
| 9:18 | Construir | Archery Range |
| 9:23 | Construir | Palisade Wall |
| 10:03 | Construir | Settlement |
| 10:05 | Crear | Villager (Male) |
| 10:09 | Investigar | Double-Bit Axe |
| 10:23 | Crear | Villager (Male) |
| 10:25 | Crear | Archer |
| 10:40 | Construir | Farm |
| 10:49 | Crear | Villager (Male) |
| 10:50 | Crear | Archer |
| 10:59 | Construir | Blacksmith |
| 11:12 | Construir | Farm |
| 11:14 | Crear | Villager (Male) |
| 11:26 | Crear | Archer |
| 11:41 | Crear | Archer |
| 11:42 | Crear | Villager (Male) |
| 11:43 | Construir | House |
| 11:47 | Investigar | Fletching |
| 11:50 | Construir | House |
| 12:05 | Construir | House |
| 12:06 | Construir | Palisade Wall |
| 12:08 | Construir | House |
| 12:09 | Crear | Villager (Male) |
| 12:22 | Crear | Archer |
| 12:29 | Crear | Villager (Male) |
| 12:32 | Construir | Farm |
| 12:46 | Construir | Farm |
| 12:54 | Crear | Villager (Male) |
| 12:55 | Crear | Archer |
| 13:03 | Construir | Palisade Wall |
| 13:14 | Construir | Palisade Gate |
| 13:18 | Construir | Farm |
| 13:19 | Construir | Farm |
| 13:26 | Crear | Villager (Male) |
| 13:28 | Crear | Archer |
| 13:29 | Crear | Villager (Male) |
| 13:35 | Construir | House |
| 13:58 | Construir | Palisade Wall |
| 14:00 | Crear | Villager (Male) |
| 14:07 | Construir | Palisade Wall |
| 14:12 | Crear | Archer |
| 14:12 | Crear | Villager (Male) |
| 14:55 | Crear | Archer |
| 14:57 | Construir | Archery Range |
| 15:18 | Crear | Villager (Male) |
| 15:19 | Crear | Archer |
| 15:38 | Crear | Villager (Male) |
| 15:46 | Construir | Farm |
| 15:47 | Construir | Farm |
| 15:49 | Crear | Villager (Male) |
| 15:52 | Crear | Archer |
| 15:52 | Crear | Archer |
| 16:00 | Construir | Palisade Wall |
| 16:13 | Crear | Villager (Male) |
| 16:22 | Crear | Villager (Male) |
| 16:26 | Crear | Archer |
| 16:26 | Crear | Archer |
| 16:37 | Construir | Farm |
| 16:46 | Crear | Archer |
| 17:17 | Crear | Archer |
| 17:17 | Crear | Archer |
| 17:18 | Crear | Villager (Male) |
| 17:28 | Crear | Archer |
| 17:34 | Construir | Farm |
| 17:35 | Construir | Farm |
| 17:39 | Construir | Farm |
| 17:40 | Crear | Villager (Male) |
| 18:13 | Crear | Villager (Male) |
| 18:14 | Crear | Archer |
| 18:14 | Crear | Archer |
| 18:15 | Crear | Villager (Male) |
| 18:18 | Construir | House |
| 18:21 | Construir | Farm |
| 18:25 | Crear | Villager (Male) |
| 18:28 | Crear | Archer |
| 18:28 | Crear | Archer |
| 18:48 | Crear | Villager (Male) |
| 19:01 | Crear | Archer |
| 19:09 | Construir | Market |
| 19:14 | Crear | Villager (Male) |
| 19:14 | Crear | Archer |
| 19:34 | Crear | Archer |
| 19:35 | Crear | Archer |
| 19:39 | Crear | Villager (Male) |
| 19:49 | Investigar | Castle Age |
| 19:54 | Investigar | Tech 1402 |
| 20:08 | Investigar | Horse Collar |
| 20:12 | Crear | Archer |
| 20:17 | Construir | Farm |
| 20:27 | Construir | House |
| 20:31 | Construir | House |
| 20:33 | Construir | Palisade Wall |
| 20:36 | Crear | Villager (Male) |
| 20:38 | Construir | Palisade Wall |
| 20:46 | Crear | Archer |
| 20:53 | Crear | Unit 2550 |
| 21:02 | Construir | Barracks |
| 21:05 | Investigar | Scale Mail Armor |
| 21:24 | Construir | House |
| 21:25 | Construir | Palisade Wall |
| 21:37 | Construir | House |
| 21:39 | Construir | Palisade Wall |
| 21:56 | Crear | Unit 2550 |
| 21:56 | Crear | Unit 2550 |
| 22:08 | Construir | Palisade Wall |
| 22:15 | Construir | Farm |
| 22:20 | Construir | Farm |
| 22:27 | Crear | Unit 2550 |
| 22:29 | Edad | Edad de los Castillos |
| 22:33 | Investigar | Tech 1351 |
| 22:38 | Investigar | Bodkin Arrow |
| 22:50 | Crear | Unit 2550 |
Build order — Fabrizio 094455
Primeras 150 de 281 acciones detectadas
| 0:01 | Crear | Villager (Male) |
| 0:01 | Crear | Villager (Male) |
| 0:01 | Crear | Villager (Male) |
| 0:02 | Construir | House |
| 0:04 | Construir | House |
| 0:06 | Crear | Villager (Male) |
| 0:06 | Crear | Villager (Male) |
| 1:23 | Crear | Villager (Male) |
| 1:24 | Crear | Villager (Male) |
| 1:46 | Construir | Lumber Camp |
| 2:06 | Crear | Villager (Male) |
| 2:06 | Crear | Villager (Male) |
| 2:06 | Crear | Villager (Male) |
| 3:00 | Construir | House |
| 3:01 | Crear | Villager (Male) |
| 3:01 | Crear | Villager (Male) |
| 3:01 | Crear | Villager (Male) |
| 3:01 | Crear | Villager (Male) |
| 3:38 | Crear | Villager (Male) |
| 3:38 | Crear | Villager (Male) |
| 4:10 | Crear | Villager (Male) |
| 4:10 | Crear | Villager (Male) |
| 4:42 | Crear | Villager (Male) |
| 5:17 | Construir | Barracks |
| 5:36 | Crear | Villager (Male) |
| 5:40 | Crear | Villager (Male) |
| 5:41 | Investigar | Loom |
| 5:59 | Construir | House |
| 6:46 | Construir | Mining Camp |
| 7:07 | Investigar | Feudal Age |
| 7:07 | Investigar | Feudal Age |
| 7:22 | Crear | Militia |
| 7:22 | Crear | Militia |
| 7:39 | Crear | Militia |
| 7:39 | Crear | Militia |
| 8:02 | Construir | Mill |
| 8:07 | Crear | Militia |
| 8:07 | Crear | Militia |
| 8:37 | Crear | Militia |
| 9:04 | Crear | Villager (Male) |
| 9:04 | Crear | Villager (Male) |
| 9:17 | Edad | Edad Feudal |
| 9:42 | Crear | Villager (Male) |
| 9:51 | Construir | Barracks |
| 9:52 | Crear | Eagle Scout |
| 9:52 | Crear | Eagle Scout |
| 10:00 | Construir | Farm |
| 10:13 | Construir | Blacksmith |
| 10:19 | Crear | Villager (Male) |
| 10:26 | Construir | Farm |
| 10:34 | Crear | Eagle Scout |
| 10:51 | Crear | Villager (Male) |
| 10:53 | Construir | Farm |
| 11:06 | Crear | Villager (Male) |
| 11:14 | Construir | House |
| 11:18 | Crear | Eagle Scout |
| 11:24 | Investigar | Double-Bit Axe |
| 11:32 | Crear | Eagle Scout |
| 11:33 | Crear | Eagle Scout |
| 11:37 | Construir | House |
| 11:49 | Construir | Farm |
| 11:52 | Crear | Villager (Male) |
| 12:04 | Construir | Farm |
| 12:06 | Construir | House |
| 12:08 | Construir | Palisade Wall |
| 12:08 | Construir | Palisade Wall |
| 12:11 | Crear | Eagle Scout |
| 12:12 | Crear | Eagle Scout |
| 12:20 | Crear | Villager (Male) |
| 12:20 | Crear | Villager (Male) |
| 12:33 | Crear | Villager (Male) |
| 12:54 | Construir | Farm |
| 12:55 | Investigar | Scale Mail Armor |
| 12:55 | Investigar | Scale Mail Armor |
| 12:56 | Crear | Villager (Male) |
| 12:57 | Crear | Villager (Male) |
| 13:03 | Construir | Palisade Wall |
| 13:15 | Construir | Palisade Wall |
| 13:17 | Crear | Eagle Scout |
| 13:17 | Crear | Eagle Scout |
| 13:22 | Construir | Farm |
| 13:27 | Crear | Villager (Male) |
| 13:28 | Crear | Villager (Male) |
| 13:34 | Crear | Villager (Male) |
| 13:36 | Construir | Farm |
| 13:42 | Construir | House |
| 13:57 | Construir | House |
| 13:58 | Construir | Palisade Wall |
| 14:01 | Crear | Eagle Scout |
| 14:01 | Crear | Eagle Scout |
| 14:02 | Crear | Eagle Scout |
| 14:02 | Crear | Eagle Scout |
| 14:09 | Construir | Farm |
| 14:42 | Crear | Eagle Scout |
| 14:42 | Crear | Eagle Scout |
| 14:42 | Crear | Villager (Male) |
| 14:43 | Crear | Villager (Male) |
| 14:56 | Crear | Eagle Scout |
| 14:56 | Crear | Villager (Male) |
| 14:57 | Crear | Villager (Male) |
| 15:01 | Crear | Eagle Scout |
| 15:02 | Crear | Eagle Scout |
| 15:11 | Crear | Eagle Scout |
| 15:11 | Crear | Eagle Scout |
| 15:16 | Crear | Villager (Male) |
| 15:17 | Crear | Villager (Male) |
| 15:22 | Construir | House |
| 15:25 | Construir | Farm |
| 15:28 | Construir | Farm |
| 15:28 | Construir | Farm |
| 15:40 | Crear | Villager (Male) |
| 15:42 | Construir | Farm |
| 15:55 | Crear | Eagle Scout |
| 16:01 | Investigar | Horse Collar |
| 16:02 | Investigar | Horse Collar |
| 16:09 | Construir | House |
| 16:21 | Crear | Eagle Scout |
| 16:21 | Crear | Eagle Scout |
| 16:28 | Construir | Farm |
| 16:40 | Construir | House |
| 17:12 | Crear | Villager (Male) |
| 17:19 | Crear | Villager (Male) |
| 17:22 | Construir | House |
| 17:27 | Crear | Villager (Male) |
| 17:41 | Construir | Watch Tower |
| 17:53 | Construir | Palisade Gate |
| 17:56 | Construir | House |
| 18:25 | Crear | Eagle Scout |
| 18:26 | Crear | Eagle Scout |
| 18:28 | Crear | Villager (Male) |
| 18:28 | Crear | Villager (Male) |
| 18:28 | Crear | Villager (Male) |
| 18:48 | Crear | Villager (Male) |
| 18:51 | Construir | Market |
| 18:57 | Construir | Farm |
| 18:57 | Construir | Farm |
| 18:57 | Construir | Farm |
| 19:17 | Construir | House |
| 19:20 | Construir | Palisade Wall |
| 19:26 | Construir | Palisade Wall |
| 19:29 | Crear | Villager (Male) |
| 19:33 | Construir | Farm |
| 19:49 | Crear | Villager (Male) |
| 20:03 | Investigar | Castle Age |
| 20:03 | Investigar | Castle Age |
| 20:09 | Construir | Lumber Camp |
| 20:21 | Construir | House |
| 20:29 | Construir | House |
| 20:31 | Construir | House |
| 20:38 | Construir | House |
Cronología de la partida
| 2:33 | pownerto · wall_segment Palisade Wall x1 |
| 2:35 | pownerto · wall_segment Palisade Wall x1 |
| 5:17 | Fabrizio 094455 · first_building Barracks |
| 7:29 | pownerto · first_building Barracks |
| 8:52 | pownerto · wall_segment Palisade Wall x1 |
| 8:54 | pownerto · wall_segment Palisade Wall x1 |
| 8:54 | pownerto · wall_segment Palisade Wall x1 |
| 8:58 | pownerto · wall_segment Palisade Wall x1 |
| 8:59 | pownerto · wall_segment Palisade Wall x1 |
| 9:00 | pownerto · wall_segment Palisade Wall x1 |
| 9:01 | pownerto · wall_segment Palisade Wall x1 |
| 9:02 | pownerto · wall_segment Palisade Wall x1 |
| 9:04 | pownerto · wall_segment Palisade Wall x2 |
| 9:15 | pownerto · age_up feudal |
| 9:17 | Fabrizio 094455 · age_up feudal |
| 9:18 | pownerto · first_building Archery Range |
| 9:23 | pownerto · wall_segment Palisade Wall x1 |
| 12:06 | pownerto · wall_segment Palisade Wall x1 |
| 12:08 | Fabrizio 094455 · wall_segment Palisade Wall x1 |
| 12:08 | Fabrizio 094455 · wall_segment Palisade Wall x1 |
| 13:03 | pownerto · wall_segment Palisade Wall x6 |
| 13:03 | Fabrizio 094455 · wall_segment Palisade Wall x7 |
| 13:15 | Fabrizio 094455 · wall_segment Palisade Wall x3 |
| 13:58 | Fabrizio 094455 · wall_segment Palisade Wall x5 |
| 13:58 | pownerto · wall_segment Palisade Wall x1 |
| 14:07 | pownerto · wall_segment Palisade Wall x5 |
| 16:00 | pownerto · wall_segment Palisade Wall x1 |
| 19:20 | Fabrizio 094455 · wall_segment Palisade Wall x3 |
| 19:26 | Fabrizio 094455 · wall_segment Palisade Wall x2 |
| 19:48 | pownerto · first_market_buy 100 food |
| 20:33 | pownerto · wall_segment Palisade Wall x1 |
| 20:38 | pownerto · wall_segment Palisade Wall x6 |
| 21:25 | pownerto · wall_segment Palisade Wall x1 |
| 21:39 | pownerto · wall_segment Palisade Wall x1 |
| 22:08 | pownerto · wall_segment Palisade Wall x1 |
| 22:29 | pownerto · age_up castle |
| 22:41 | Fabrizio 094455 · first_market_sell 100 food |
| 22:45 | Fabrizio 094455 · age_up castle |
| 23:35 | pownerto · wall_segment Palisade Wall x1 |
| 23:36 | pownerto · wall_segment Palisade Wall x1 |
| 23:36 | pownerto · wall_segment Palisade Wall x1 |
| 23:36 | pownerto · wall_segment Palisade Wall x1 |
| 23:37 | pownerto · wall_segment Palisade Wall x1 |
| 23:37 | pownerto · wall_segment Palisade Wall x1 |
| 24:17 | pownerto · wall_segment Palisade Wall x1 |
| 24:18 | pownerto · wall_segment Palisade Wall x1 |
| 24:34 | pownerto · wall_segment Palisade Wall x1 |
| 24:46 | pownerto · wall_segment Palisade Wall x1 |
| 25:01 | pownerto · wall_segment Palisade Wall x1 |
| 28:55 | Fabrizio 094455 · wall_segment Palisade Wall x1 |
| 29:49 | Fabrizio 094455 · first_market_buy 100 food |
| 31:17 | Fabrizio 094455 · resign |
[ ANÁLISIS IA · 1 CRÉDITO ]
¿Qué pasó realmente en esta partida?
Wolo.gg analiza cada decisión: build order, eco, micro, errores típicos por bracket. Análisis personalizado por WhatsApp o Discord en 30 segundos.
Guía civ
Tupíes
Perfil
Jugador #1490470